 Dungeon Crawl Stone Soup version 0.28.0-45-g0d030f2227 (webtiles) character file.

Game seed: 9065790686712218447

705 101zpm the Gusty (level 7, -9/51 HPs)
             Began as a Gnoll Air Elementalist on Apr 23, 2022.
             Mangled by Duvessa
             ... wielding a +0 short sword
              (18 damage)
             ... on level 5 of the Dungeon.
             The game lasted 00:23:59 (6121 turns).

101zpm the Gusty (Gnoll Air Elementalist)           Turns: 6121, Time: 00:24:00

Health: -9/51      AC:  2    Str:  7    XL:     7   Next: 67%
Magic:  0/15       EV: 14    Int: 16    God:
Gold:   174        SH:  0    Dex: 13    Spells: 6/17 levels left

rFire   . . .      SeeInvis .     - Unarmed
rCold   . . .      Faith    .   (no shield)
rNeg    . . .      Spirit   .   a - +0 robe
rPois   .          Reflect  .   (no helmet)
rElec   .          Harm     .   (no cloak)
rCorr   .          Rampage  .   (no gloves)
Will    .....                   (no boots)
Stlth   +++.......              (no amulet)
HPRegen 0.17/turn               (no ring)
MPRegen 0.14/turn               (no ring)

@: freezing walls, very slightly contaminated
A: fangs 1, strong nose, distributed training
a: no special abilities


You were on level 5 of the Dungeon.
You visited 1 branch of the dungeon, and saw 5 of its levels.

You collected 174 gold pieces.

Inventory:

Armour
 a - a +0 robe (worn)
Jewellery
 d - a +4 ring of evasion
Scrolls
 b - 3 scrolls of teleportation {unknown}
 e - 2 scrolls of identify {unknown}
 h - a scroll of vulnerability {unknown}
 i - a scroll of blinking {unknown}
 k - a scroll of holy word {unknown}
Potions
 c - 2 potions of heal wounds {unknown}
 f - a potion of cancellation {unknown}
 g - 3 potions of curing {unknown}
 j - a potion of degeneration {unknown}
 l - a potion of resistance {unknown}


   Skills:
 + Level 2.6 Fighting
 + Level 2.6 Short Blades
 + Level 2.6 Long Blades
 + Level 2.6 Axes
 + Level 2.6 Maces & Flails
 + Level 2.6 Polearms
 + Level 2.6 Staves
 + Level 2.6 Slings
 + Level 2.6 Bows
 + Level 2.6 Crossbows
 + Level 2.6 Throwing
 + Level 2.6 Armour
 + Level 5.3 Dodging
 + Level 5.0 Stealth
 + Level 2.6 Shields
 + Level 2.6 Unarmed Combat
 + Level 5.7 Spellcasting
 + Level 3.1 Conjurations
 + Level 2.1 Hexes
 + Level 2.1 Summonings
 + Level 2.1 Necromancy
 + Level 2.1 Translocations
 + Level 2.1 Transmutations
 + Level 2.1 Fire Magic
 + Level 2.1 Ice Magic
 + Level 5.9 Air Magic
 + Level 2.1 Earth Magic
 + Level 2.1 Poison Magic
 + Level 2.9 Invocations
 + Level 2.6 Evocations


You had 6 spell levels left.
You knew the following spells:

 Your Spells              Type           Power      Damage    Failure   Level
a - Shock                 Conj/Air       76%        1d7       2%          1
b - Tukima's Dance        Hex            11%        N/A       17%         3
c - Airstrike             Air            11%        N/A       12%         4
d - Frozen Ramparts       Ice            22%        1d4       17%         3

Your spell library contained the following spells:

 Spells                   Type           Power      Damage    Failure   Level
 Static Discharge         Conj/Air       19%        N/A       3%          2
 Swiftness                Air            23%        N/A       3%          3
 Animate Skeleton         Necr           22%        N/A       6%          1
 Freeze                   Ice            44%        1d6       6%          1
 Pain                     Necr           44%        1d6       6%          1
 Dazzling Flash           Conj/Hex       24%        N/A       14%         3
 Vampiric Draining        Necr           11%        2d6       17%         3
 Hailstorm                Conj/Ice       12%        3d5       43%         4
 Iskenderun's Mystic Bla  Conj/Tloc      12%        2d5       43%         4
 Passage of Golubria      Tloc           11%        N/A       50%         4
 Yara's Violent Unravell  Hex/Tmut       5%         3d4       85%         5
 Starburst                Conj/Fire      6%         6d4       100%        6


Dungeon Overview and Level Annotations

Branches:
Dungeon (5/15)
 Temple: D:4-7

Altars:
Fedhas

Shops:
D:3 *   D:4 !

Annotations:
D:1 Edmund
D:3 exclusion: oklob plant
D:5 Duvessa


Innate Abilities, Weirdness & Mutations

You have very sharp teeth.
Your uncanny sense of smell can sniff out nearby items.
Your experience applies equally to all skills.


Message History

The frozen ramparts melt away.
Your +0 dagger falls from the air.
You start resting.
HP restored.
You start resting.
Duvessa, Sister of Dowan comes into view.
She is wielding a +0 short sword.
Casting: Tukima's Dance (dangerous; 17% risk of failure)
Confirm with . or Enter, or press ? or * to list all spells.
The spell is quite dangerous to miscast (12% risk of failure)!
Continue anyway?
Aiming: Airstrike (quite dangerous; 12% risk of failure)
Press: ? - help, Dir - move target, f - Duvessa
Aim: Duvessa, wielding a +0 short sword and wearing a +0 leather armour (empty space bonus: 5/8)
You miscast Airstrike.
You are very lightly contaminated with residual magic.
Electricity courses through your body!
Duvessa goes berserk!
You see here a +0 dagger.
Casting: Airstrike (quite dangerous; 12% risk of failure)
Confirm with . or Enter, or press ? or * to list all spells.
Okay, then.
Casting: Airstrike (quite dangerous; 12% risk of failure)
Confirm with . or Enter, or press ? or * to list all spells.
Casting: Frozen Ramparts (dangerous; 17% risk of failure)
Press: ? - help, Dir - look around, f - activate The walls around you are covered in ice.
The wall freezes Duvessa. x2
Aiming: Shock (safe; 2% risk of failure)
Press: ? - help, Q - select action, (/) - cycle Shift-Dir - straight line, f - Duvessa
Aim: Duvessa, wielding a +0 short sword and wearing a +0 leather armour (lightly wounded, berserk, 75% to hit)
The zap hits Duvessa.
Duvessa is lightly wounded.
The wall freezes Duvessa.
Duvessa hits you with a +0 short sword.
The wall freezes Duvessa but does no damage.
Duvessa hits you with a +0 short sword!
The wall freezes Duvessa.
Duvessa hits you with a +0 short sword!
* * * LOW HITPOINT WARNING * * *
The wall freezes Duvessa.
Duvessa hits you with a +0 short sword.
* * * LOW HITPOINT WARNING * * *
The wall freezes Duvessa.
Duvessa hits you with a +0 short sword!!
You die...

..........# ....#
###'###...# ...#
....# #...# #..#
#######...# #..###
#........... #....##
##.#############....#
...##............#..#
#..##..#########.# .#
#......# #@# ..
#.###..# #e# ## ...
#..# #....[# #.. #..#
#####.. ...##..# +...
...##..# #/...
...##..# #..... ..
#..# #.....# ....
#.....#


You could see Duvessa (berserk).

Vanquished Creatures
  Grinder (D:3)
  A sky beast (D:5)
  Dowan (D:5)
  2 orc priests (D:3)
  2 hounds
  An orc wizard (D:3)
  A hound skeleton (D:4)
  Robin (D:3)
  8 adders
  An ufetubus (D:2)
  3 worms
  2 dart slugs
  12 orcs
  8 bats
  8 endoplasms
  5 giant cockroaches
  13 goblins
  16 hobgoblins
  2 jackals (D:2)
  3 quokkas
  9 ball pythons
  5 frilled lizards
  4 kobolds
  2 rats
111 creatures vanquished.

Vanquished Creatures (others)
  26 fungi (D:3)
  56 plants (D:3)
82 creatures vanquished.

Grand Total: 193 creatures vanquished

Notes
Turn   | Place    | Note
-------+----------+-------------------------------------------
     0 | D:1      | 101zpm the Gnoll Air Elementalist began the quest for the
                  | Orb.
     0 | D:1      | Reached XP level 1. HP: 13/13 MP: 6/6
   168 | D:2      | Reached XP level 2. HP: 20/20 MP: 3/7
   257 | D:2      | Reached skill level 5 in Spellcasting
   257 | D:2      | Reached XP level 3. HP: 23/25 MP: 1/9
   513 | D:1      | Reached skill level 1 in Invocations
   581 | D:1      | Found a faded altar of an unknown god.
   879 | D:1      | Reached skill level 1 in Fighting
   879 | D:1      | Reached skill level 1 in Short Blades
   879 | D:1      | Reached skill level 1 in Long Blades
   879 | D:1      | Reached skill level 1 in Axes
   879 | D:1      | Reached skill level 1 in Maces & Flails
   879 | D:1      | Reached skill level 1 in Polearms
   879 | D:1      | Reached skill level 1 in Staves
   879 | D:1      | Reached skill level 1 in Slings
   879 | D:1      | Reached skill level 1 in Bows
   879 | D:1      | Reached skill level 1 in Crossbows
   879 | D:1      | Reached skill level 1 in Throwing
   879 | D:1      | Reached skill level 1 in Armour
   879 | D:1      | Reached skill level 1 in Shields
   879 | D:1      | Reached skill level 1 in Unarmed Combat
   879 | D:1      | Reached skill level 1 in Evocations
   941 | D:1      | Reached XP level 4. HP: 28/32 MP: 6/11
  1189 | D:2      | Reached skill level 1 in Hexes
  1189 | D:2      | Reached skill level 1 in Summonings
  1189 | D:2      | Reached skill level 1 in Necromancy
  1189 | D:2      | Reached skill level 1 in Translocations
  1189 | D:2      | Reached skill level 1 in Transmutations
  1189 | D:2      | Reached skill level 1 in Fire Magic
  1189 | D:2      | Reached skill level 1 in Ice Magic
  1189 | D:2      | Reached skill level 1 in Earth Magic
  1189 | D:2      | Reached skill level 1 in Poison Magic
  1437 | D:2      | Reached XP level 5. HP: 37/37 MP: 10/12
  2242 | D:3      | Noticed Grinder
  2317 | D:3      | Killed Grinder
  2318 | D:3      | Reached skill level 5 in Dodging
  2318 | D:3      | Reached XP level 6. HP: 22/44 MP: 7/14
  2755 | D:4      | Found Heatiur's Distillery.
  2929 | D:4      | Noticed Edmund
  2951 | D:4      | Learned a level 3 spell: Tukima's Dance
  2956 | D:4      | Learned a level 4 spell: Airstrike
  3052 | D:3      | Learned a level 3 spell: Frozen Ramparts
  3076 | D:3      | Reached XP level 7. HP: 46/50 MP: 1/15
  3252 | D:3      | Noticed Robin
  3292 | D:3      | Killed Robin
  3527 | D:3      | Found a blossoming altar of Fedhas.
  3599 | D:3      | Noticed an oklob plant
  4070 | D:3      | Found Lyvvehix's General Store.
  4556 | D:5      | Entered Level 5 of the Dungeon
  6095 | D:5      | Noticed Dowan
  6101 | D:5      | Killed Dowan
  6102 | D:5      | Reached skill level 5 in Stealth
  6114 | D:5      | Noticed Duvessa
  6121 | D:5      | Mangled by Duvessa

Illustrated notes

Levels and vault maps discovered:
D:1:      eino_arrival_cavern_e, layout_rooms, hellmonk_ecumenical_altar_blasted
D:2:      layout_loops_cross, minmay_three_crescents
D:3:      layout_loops_ring, tgw_fedhas, serial_shops,
          nicolae_shop_behind_doors, kennysheep_donut, uniq_grinder, uniq_robin
D:4:      layout_gridville, serial_shops,
          nicolae_shop_temple_entry_statues_fountains, serial_park_tiny_2,
          uniq_edmund
D:5:      layout_basic, kennysheep_nondescript, uniq_pikel, uniq_duvessa,
          uniq_sigmund

Skill      XL: |  1  2  3  4  5  6  7 |
---------------+----------------------+-----
Conjurations   | 2 3 |  3.1
Spellcasting   | 5 |  5.7
Invocations    | 1 2 |  2.9
Fighting       | 1 2 |  2.6
Short Blades   | 1 2 |  2.6
Long Blades    | 1 2 |  2.6
Axes           | 1 2 |  2.6
Maces & Flails | 1 2 |  2.6
Polearms       | 1 2 |  2.6
Staves         | 1 2 |  2.6
Slings         | 1 2 |  2.6
Bows           | 1 2 |  2.6
Crossbows      | 1 2 |  2.6
Throwing       | 1 2 |  2.6
Armour         | 1 2 |  2.6
Shields        | 1 2 |  2.6
Unarmed Combat | 1 2 |  2.6
Evocations     | 1 2 |  2.6
Hexes          | 1 2 |  2.1
Summonings     | 1 2 |  2.1
Necromancy     | 1 2 |  2.1
Translocations | 1 2 |  2.1
Transmutations | 1 2 |  2.1
Fire Magic     | 1 2 |  2.1
Ice Magic      | 1 2 |  2.1
Earth Magic    | 1 2 |  2.1
Poison Magic   | 1 2 |  2.1
Dodging        | 5 |  5.3
Stealth        | 5 |  5.0
Air Magic      | |  5.9

Action                   |  1- 3 |  4- 6 |  7- 9 || total
-------------------------+-------+-------+-------++-------
Melee: Unarmed           |       |     6 |       ||     6
       Bite              |       |     1 |       ||     1
 Cast: Shock             |    62 |   129 |    59 ||   250
       Frozen Ramparts   |       |     2 |     4 ||     6
       Airstrike         |       |     1 |    11 ||    12
       Tukima's Dance    |       |       |     2 ||     2
Armor: Robe              |       |     1 |     1 ||     2
Dodge: Dodged            |     8 |    27 |    14 ||    49
